 Dungeon Crawl Stone Soup version 0.23.2-40-g277498a001 (webtiles) character file.

Game seed: 5337852603505909579

324 Exodus22XD the Slasher (level 6, -3/47 HPs)
             Began as a Demonspawn Gladiator on Sept 6, 2019.
             Slain by an orc warrior
             ... wielding a cursed +0 short sword
              (9 damage)
             ... on level 6 of the Dungeon.
             The game lasted 00:07:51 (3196 turns).

Exodus22XD the Slasher (Demonspawn Gladiator)       Turns: 3196, Time: 00:07:53

Health: -3/47      AC:  8    Str: 17    XL:     6   Next: 23%
Magic:  6/6        EV: 13    Int:  9    God:
Gold:   254        SH:  0    Dex: 14    Spells: 5/5 levels left

rFire    . . .     SeeInvis .   a - +0 long sword
rCold    + . .     Gourm    .   (no shield)
rNeg     . . .     Faith    .   w - +0 leather armour {rC+}
rPois    .         Spirit   .   (helmet restricted)
rElec    .         Reflect  .   l - +0 cloak
rCorr    .         Harm     .   x - +0 pair of gloves
MR       .....                  (no boots)
Stlth    +.........             (no amulet)
HPRegen  0.15/turn              (no ring)
MPRegen  0.10/turn              (no ring)

@: no status effects
A: horns 2, yellow scales 2
a: no special abilities


You were on level 6 of the Dungeon.
You were not hungry.

You visited 1 branch of the dungeon, and saw 4 of its levels.

You collected 254 gold pieces.

Inventory:

Hand Weapons
 a - a +0 long sword (weapon)
 g - a +1 dagger of venom
Missiles
 d - 3 throwing nets (quivered)
Armour
 l - a +0 cloak (worn)
 o - a +0 shield
 w - a +0 leather armour of cold resistance (worn)
 x - a +0 pair of gloves (worn)
Wands
 y - a wand of flame (20)
Scrolls
 h - a scroll of enchant weapon {unknown}
 n - 3 scrolls of amnesia
 p - a scroll of remove curse {unknown}
 q - a scroll of fear {unknown}
 r - 6 scrolls of identify {unknown}
 s - 2 scrolls of teleportation {unknown}
 t - a scroll of immolation {unknown}
Potions
 c - a potion of degeneration {unknown}
 i - a potion of might {unknown}
 j - a potion of curing {unknown}
 k - a potion of haste {unknown}
 m - a potion of invisibility {unknown}
 u - a potion of heal wounds {unknown}
 v - a potion of lignification {unknown}
 z - a potion of mutation {unknown}
Comestibles
 b - 4 chunks of flesh
 f - 5 rations


   Skills:
 + Level 3.2 Fighting
 + Level 4.8 Long Blades
 - Level 1.7 Throwing
 + Level 1.8 Armour
 + Level 3.8 Dodging


You had 5 spell levels left.
You didn't know any spells.
Your spell library was empty.

Dungeon Overview and Level Annotations

Branches:
Dungeon (3/15)

Altars:
Qazlal
Vehumet
Xom

Portals:
Ossuary: D:6


Innate Abilities, Weirdness & Mutations

You have a pair of horns on your head.
You are mostly covered in yellow scales. (AC +3)


Message History

Your experience leads to an increase in your attributes!
Increase (S)trength, (I)ntelligence, or (D)exterity?
You feel stronger.
Your demonic ancestry asserts itself...
Yellow scales spread over more of your body.
The orc warrior hits you with a cursed +0 short sword!
The orc warrior hits you with a +0 war axe!
* * * LOW HITPOINT WARNING * * *
The orc warrior hits you but does no damage.
Unknown command.
Unknown command.
As you read the scroll labeled TICLONA ENULI, it crumbles to dust.
It is a scroll of amnesia.
You feel forgetful for a moment. The orc warrior misses you.
As you read the scroll labeled ILAPHURYINK, it crumbles to dust.
The scroll dissolves into smoke.
It was a scroll of fog.
The orc warrior misses you.
You riposte.
You hit the orc warrior but do no damage.
Your headbutt misses the orc warrior.
The orc warrior hits you with a cursed +0 short sword!
You die...

#.# .# #.# .#
. #.# :# ...
###.###o#%.##.
#....o........
#.#####.#...##
#o# ## ..# #o#
. #@# #o#


ZZ# ∩.o# ..... ##...# ##### You could see 2 orc warriors, an orc, a jackal
zombie and a kobold zombie.

Vanquished Creatures
  A bullfrog (D:6)
  A scorpion (D:3)
  An orc priest (D:3)
  Robin (D:3)
  4 gnolls (D:2)
  An adder (D:3)
  An adder skeleton (D:6)
  6 worms
  A dart slug (D:1)
  4 leopard geckos
  9 orcs
  2 giant cockroaches
  17 goblins
  11 hobgoblins
  3 jackals (D:2)
  2 kobolds (D:1)
  A quokka (D:2)
  A ball python (D:1)
  13 bats
  4 frilled lizards
  6 rats
90 creatures vanquished.

Notes
Turn   | Place    | Note
-------+----------+-------------------------------------------
     0 | D:1      | Exodus22XD the Demonspawn Gladiator began the quest for the
                  | Orb.
     0 | D:1      | Reached XP level 1. HP: 16/16 MP: 1/1
   245 | D:1      | Gained mutation: You are partially covered in yellow
                  | scales. (AC +2) [demonic ancestry]
   245 | D:1      | Reached XP level 2. HP: 22/22 MP: 2/2
   327 | D:1      | Reached skill level 3 in Long Blades
   614 | D:1      | Gained mutation: You have a pair of small horns on your
                  | head. [demonic ancestry]
   614 | D:1      | Reached XP level 3. HP: 18/28 MP: 3/3
  1488 | D:2      | Reached XP level 4. HP: 19/34 MP: 4/4
  1647 | D:2      | Found a shimmering altar of Xom.
  1872 | D:2      | Found a radiant altar of Vehumet.
  2145 | D:2      | Found a stormy altar of Qazlal.
  2269 | D:3      | Noticed Robin
  2273 | D:3      | Reached skill level 1 in Armour
  2281 | D:3      | Reached skill level 4 in Long Blades
  2287 | D:3      | Killed Robin
  2293 | D:3      | Gained mutation: You have a pair of horns on your head.
                  | [demonic ancestry]
  2293 | D:3      | Reached XP level 5. HP: 27/40 MP: 5/5
  3173 | D:3      | You fall through a shaft for 3 floors!
  3178 | D:6      | Noticed an orc warrior
  3186 | D:6      | Found a sand-covered staircase.
  3187 | D:6      | Noticed an orc warrior
  3194 | D:6      | Gained mutation: You are mostly covered in yellow scales.
                  | (AC +3) [demonic ancestry]
  3194 | D:6      | Reached XP level 6. HP: 25/47 MP: 6/6
  3196 | D:6      | Slain by an orc warrior

Skill      XL: |  1  2  3  4  5 |
---------------+----------------+-----
Long Blades    | 3 4 |  4.8
Dodging        | 3 |  3.8
Armour         | 1 |  1.8
Fighting       | 3 |  3.2
Throwing       | |  1.7

Action                   |  1- 3 |  4- 6 || total
-------------------------+-------+-------++-------
Melee: Long sword        |   117 |   169 ||   286
       Headbutt          |     7 |    38 ||    45
  Use: Scroll            |       |     2 ||     2
 Stab: Sleeping          |       |     2 ||     2
  Eat: Chunk             |     1 |     7 ||     8
Armor: Leather armour    |    42 |    50 ||    92
Dodge: Dodged            |    98 |   165 ||   263
       Rpst.: Long sword |    30 |    56 ||    86
